 Dungeon Crawl Stone Soup version 0.24.1-4-ge52af88ad5 (webtiles) character file.

Game seed: 13437825032461948891, levelgen mode: deterministic

13 Descartes the Grasshopper (level 2, -3/13 HPs)
             Began as a Felid Warper on Apr 17, 2020.
             Slain by a hobgoblin (5 damage)
             ... on level 1 of the Dungeon.
             The game lasted 00:02:13 (610 turns).

Descartes the Grasshopper (Felid Warper)             Turns: 610, Time: 00:02:14

Health: -3/13      AC:  1    Str:  7    XL:     2   Next: 24%
Magic:  6/6        EV: 18    Int: 14    God:
Gold:   14         SH:  0    Dex: 15    Spells: 5/5 levels left
                                        Lives:  0   Deaths: 0

rFire    . . .     SeeInvis +     - Unarmed
rCold    . . .     Gourm    .   (shield unavailable)
rNeg     . . .     Faith    .   (armour unavailable)
rPois    .         Spirit   .   (helmet unavailable)
rElec    .         Reflect  .   (cloak unavailable)
rCorr    .         Harm     .   (gloves unavailable)
MR       .....                  (boots unavailable)
Stlth    ++........             (no amulet)
HPRegen  0.04/turn              (no ring)
MPRegen  0.10/turn              (no ring)

@: quick
A: very small, no armour, no weapons or thrown items, stealth, claws 1, fangs 3,
see invisible, carnivore, speed 1, shaggy fur 1, slow metabolism 1, sharp paws
a: no special abilities


You were on level 1 of the Dungeon.
You were completely stuffed.

You visited 1 branch of the dungeon, and saw 1 of its levels.

You collected 14 gold pieces.

Inventory:

Scrolls
 b - a scroll of blinking
 e - a scroll of noise {unknown}
Potions
 a - a potion of might {unknown}
 d - a potion of agility {unknown}
Comestibles
 c - 4 rations
 f - 6 chunks of flesh


   Skills:
 + Level 2.2 Fighting
 + Level 3.5 Dodging
 + Level 2.2 Unarmed Combat
 + Level 2.2 Spellcasting
   Level 4.4 Translocations


You had 5 spell levels left.
You didn't know any spells.
Your spell library contained the following spells:

 Spells                   Type           Power        Failure   Level  Hunger
 Blink                    Tloc           N/A          6%          2    ###....
 Gell's Gravitas          Tloc           ##........   12%         3    ###....
 Lesser Beckoning         Tloc           ##........   12%         3    ###....
 Teleport Other           Tloc           ##......     12%         3    ###....
 Shroud of Golubria       Chrm/Tloc      #.....       14%         2    ###....
 Passage of Golubria      Tloc           N/A          36%         4    #####..


Dungeon Overview and Level Annotations

Branches:
Dungeon (1/15)

Altars:


Innate Abilities, Weirdness & Mutations

You cannot wear armour.
You are incapable of wielding weapons or throwing items.
Your paws allow you to move quietly. (Stealth)
You have sharp claws.
You have razor-sharp teeth.
You have supernaturally acute eyesight. (SInv)
You are carnivorous and can eat meat at any time.
You cover ground quickly.
You are covered in fur. (AC +1)
You have a slow metabolism.
Your sharp claws are effective at attacking unaware monsters.


Message History

You closely miss the hobgoblin. The hobgoblin closely misses you.
You scratch the hobgoblin but do no damage.
The hobgoblin closely misses you.
You barely miss the hobgoblin. The hobgoblin closely misses you.
You scratch the kobold.
The kobold is moderately wounded.
The hobgoblin hits you. The goblin misses you. The kobold hits you.
You are too injured to fight recklessly!
You are too injured to fight recklessly!
You see here a frilled lizard skeleton.
You completely miss the hobgoblin. The hobgoblin hits you.
* * * LOW HITPOINT WARNING * * *
You closely miss the hobgoblin. The hobgoblin completely misses you.
You barely miss the hobgoblin. You bite the hobgoblin.
The hobgoblin is lightly wounded.
The hobgoblin barely misses you.
You barely miss the hobgoblin. Your bite misses the hobgoblin.
The hobgoblin is lightly wounded.
The hobgoblin hits you.
You die...

.......####..#..### #...##
..........#..##...# ##....##
...⌠......+..####.###......##
..........#..# #.##........#
.......####..####..)........#
......<# #..#....###.......#
##...### #....######......##
#...# #...######.......##
#...# #..Kgg@...........#
##########..########.......#
..........# #.......#
.###..#.### ##.....##
.>.....K..# ##...##
#####.....# ##### ##.....#
#....... .....#...


You could see a hobgoblin, a goblin and a kobold.

Vanquished Creatures
  A dart slug (D:1)
  A giant cockroach (D:1)
  3 goblins (D:1)
  A hobgoblin (D:1)
  A kobold (D:1)
  2 frilled lizards (D:1)
  A rat (D:1)
10 creatures vanquished.

Notes
Turn   | Place    | Note
-------+----------+-------------------------------------------
     0 | D:1      | Descartes the Felid Warper began the quest for the Orb.
     0 | D:1      | Reached XP level 1. HP: 9/9 MP: 4/4
   439 | D:1      | Reached XP level 2. HP: 8/13 MP: 6/6
   610 | D:1      | Slain by a hobgoblin

Levels and vault maps discovered:
D:1:      minmay_arrival_cross, layout_rooms

Action                   || total
-------------------------++-------
Melee: Unarmed           ||    37
       Bite              ||     4
       Punch             ||     3
  Eat: Chunk             ||     7
Armor: Skin              ||     1
Dodge: Dodged            ||    25
